 Dungeon Crawl Stone Soup version 0.30-b1-2-g02819fbbbe (webtiles) character file.

Game seed: 7815122037029892764

7 maniek23 the Vexing (level 2, -1/23 HPs) *EXPLORE*
             Began as a Gnoll Hexslinger on July 26, 2023.
             Killed from afar by a dart slug (5 damage)
             ... with a slug dart
             ... on level 1 of the Dungeon.
             The game lasted 00:02:39 (239 turns).

maniek23 the Vexing (Gnoll Hexslinger)               Turns: 239, Time: 00:02:43

Health: -1/23      AC:  2    Str:  9    XL:     2   Next: 4%
Magic:  5/5        EV: 13    Int: 12    God:
Gold:   25         SH:  0    Dex: 12    Spells: 5/6 levels left

rFire   . . .        a - +1 sling
rCold   . . .        (no shield)
rNeg    . . .        c - +0 robe
rPois   .            (no helmet)
rElec   .            (no cloak)
rCorr   .            (no gloves)
SInv    .            (no boots)
Will    .....        (no amulet)
Stlth   +            (no ring)
HPRegen 0.23/turn    (no ring)
MPRegen 0.09/turn

%: no passive effects
@: no status effects
A: fangs 1, strong nose, distributed training
a: no special abilities


You were on level 1 of the Dungeon.
You visited 1 branch of the dungeon, and saw 1 of its levels.

You collected 25 gold pieces.

Inventory:

Hand Weapons
 a - a +1 sling (weapon)
Armour
 c - a +0 robe (worn)
Scrolls
 b - a scroll of poison
 d - a scroll of butterflies {unknown}


   Skills:
 + Level 2.4 Fighting
 + Level 0.2 Short Blades
 + Level 0.2 Long Blades
 + Level 0.2 Axes
 + Level 0.2 Maces & Flails
 + Level 0.2 Polearms
 + Level 0.2 Staves
 + Level 4.4 Ranged Weapons
 + Level 0.2 Throwing
 + Level 0.2 Armour
 + Level 4.4 Dodging
 + Level 0.2 Stealth
 + Level 0.2 Shields
 + Level 0.2 Unarmed Combat
 + Level 2.6 Spellcasting
 + Level 0.1 Conjurations
 + Level 5.3 Hexes
 + Level 0.1 Summonings
 + Level 0.1 Necromancy
 + Level 0.1 Translocations
 + Level 0.1 Transmutations
 + Level 0.1 Fire Magic
 + Level 0.1 Ice Magic
 + Level 0.1 Air Magic
 + Level 0.1 Earth Magic
 + Level 0.1 Poison Magic
 + Level 0.3 Invocations
 + Level 0.2 Evocations


You had 5 spell levels left.
You knew the following spells:

 Your Spells              Type           Power      Damage    Failure   Level
a - Slow                  Hex            56%        N/A       2%          1

Your spell library contained the following spells:

 Spells                   Type           Power      Damage    Failure   Level
 Inner Flame              Hex/Fire       8%         N/A       24%         3
 Portal Projectile        Hex/Tloc       16%        N/A       24%         3
 Cause Fear               Hex            7%         N/A       28%         4


Dungeon Overview and Level Annotations

Branches:
Dungeon (1/15)

Altars:


Innate Abilities, Weirdness & Mutations

You have very sharp teeth.
Your uncanny sense of smell can sniff out nearby items.
Your experience applies equally to all skills.


Message History

The dart slug launches a dart at you. The slug dart hits you.
The dart slug barely misses you. The dart slug launches a dart at you.
The slug dart misses you. The dart slug barely misses you.
The dart slug launches a dart at you. The slug dart hits you.
The dart slug completely misses you. The dart slug launches a dart at you.
The slug dart misses you. The dart slug closely misses you.
The dart slug launches a dart at you. The slug dart misses you.
The dart slug launches a dart at you. The slug dart hits you.
The dart slug bites you but does no damage.
The dart slug closely misses you.
A bat comes into view.
The bat moves out of view.
The dart slug barely misses you. The dart slug closely misses you.
The dart slug bites you. The dart slug launches a dart at you.
The slug dart misses you. The dart slug bites you. The dart slug misses you.
The dart slug launches a dart at you. The slug dart hits you.
* * * LOW HITPOINT WARNING * * *
The dart slug launches a dart at you. The slug dart hits you.
Die? [Y]es or [N]o only, please.
Die? [Y]es or [N]o only, please.
Die? [Y]es or [N]o only, please.
Die?
You die...

############ ...
#...........# .$∆
#...........# ..
#........[..# .##
#...........# .b
#........... #K
#...........
#w##......#########
#.@'...............
∆ ####.......#####
#. #.......#.. .∆#.
#...(...#.# #.#.
#..####.#.# #.#.
##.# #.#.###...
#....#.#.....#.
###...........
###.#.......


You could see a dart slug, a bat and a kobold.

Vanquished Creatures
  2 bats (D:1)
  A hobgoblin (D:1)
  A quokka (D:1)
  A ball python (D:1)
  A frilled lizard (D:1)
  A kobold (D:1)
7 creatures vanquished.

Notes
Turn   | Place    | Note
-------+----------+-------------------------------------------
     0 | D:1      | maniek23 the Gnoll Hexslinger began the quest for the Orb.
     0 | D:1      | Reached XP level 1. HP: 17/17 MP: 4/4
   154 | D:1      | Entered explore mode.
   178 | D:1      | Reached XP level 2. HP: 23/23 MP: 5/5
   239 | D:1      | Killed from afar by a dart slug

Illustrated notes

Levels and vault maps discovered:
D:1:      ncdulo_smallfort, layout_basic

Action                     || total
---------------------------++-------
   Fire: Sling             ||    26
 Armour: Robe              ||     4
  Dodge: Dodged            ||    30
